 Dungeon Crawl Stone Soup version 0.14-a0-1974-gdb6e453 (webtiles) character file.

12437 Kae the Unseen (level 11, -19/47 HPs)
             Began as a Spriggan Enchanter on Jan 17, 2014.
             Was a High Priest of Dithmengos.
             Demolished by an orc warrior
             ... wielding a +1,+3 orcish glaive
              (26 damage)
             ... on Level 12 of the Dungeon.
             The game lasted 00:41:19 (16106 turns).

Kae the Unseen (Spriggan Enchanter)                Turns: 16106, Time: 00:41:20

HP -19/47        AC  5     Str  7      XL: 11   Next: 54%
MP  21/32        EV 18     Int 17      God: Dithmengos [*****.]
Gold 590         SH  0     Dex 18      Spells:  6 memorised, 12 levels left

rFire  . . .     SeeInvis +     a - +2 dagger
rCold  . . .     Clarity  .     b - +2 robe
rNeg   . . .     Conserve .     (shield restricted)
rPois  .         rCorr    .     (helmet restricted)
rElec  .         rRot     .     w - +0 cloak (curse)
SustAb . .       Spirit   .     (gloves unavailable)
rMut   .         Warding  .     (boots unavailable)
Saprov . . .     Stasis   .     (no amulet)
MR     +....                    (no ring)
                                m - cursed +1 ring of intelligence

@: overloaded, about to teleport, very slightly contaminated, wreathed by umbra,
quick, somewhat resistant to hostile enchantments, quite stealthy
A: unfitting armour, see invisible, herbivore 3, speed 3, slow metabolism 2
a: Shadow Step, Shadow Form, Renounce Religion


You were on level 12 of the Dungeon.
You worshipped Dithmengos.
Dithmengos was extremely pleased with you.
You were overloaded with stuff.
You were full.

You visited 2 branches of the dungeon, and saw 13 of its levels.
You also visited: Ossuary.

You collected 590 gold pieces.

Inventory:

Hand weapons
 a - a +2,+2 dagger (weapon)
Missiles
 d - 12 darts (quivered)
 f - 11 tomahawks
 F - 3 steel tomahawks
Armour
 b - a +2 robe (worn)
 w - a cursed +0 cloak (worn)
Magical devices
 H - a wand of polymorph (11)
 K - a wand of disintegration (3)
Comestibles
 q - 5 bread rations
Scrolls
 n - a scroll of amnesia
 o - 9 scrolls of remove curse
 u - a scroll of enchant weapon II
 y - 4 scrolls of teleportation
 D - 6 scrolls of identify
 G - 2 scrolls of enchant armour
Jewellery
 g - a cursed ring of flight
 m - a cursed +1 ring of intelligence (left hand)
 t - an uncursed ring of protection from fire
 A - a cursed -3 ring of strength
 C - an uncursed ring of positive energy
Potions
 h - 2 potions of curing
 i - a potion of lignification
 j - 2 potions of berserk rage
 k - a potion of resistance
 l - a potion of flight
 s - a potion of magic
 v - 2 potions of invisibility
 z - 5 potions of brilliance
 B - 3 potions of might
Books
 c - a book of Maledictions

   Spells                             Type                      Level
   *Corona                            Hexes                        1
   Sure Blade                         Hexes/Charms                 2
   *Ensorcelled Hibernation           Hexes/Ice                    2
   *Confuse                           Hexes                        3
   Enslavement                        Hexes                        4
   *Invisibility                      Hexes                        6
 p - a Young Poisoner's Handbook

   Spells                             Type                      Level
   Sting                              Conjuration/Poison           1
   *Cure Poison                       Poison                       2
   Mephitic Cloud                     Conjuration/Poison/Air       3
   Olgreb's Toxic Radiance            Poison                       4
   Venom Bolt                         Conjuration/Poison           5
 r - a book of Changes

   Spells                             Type                      Level
   Beastly Appendage                  Transmutation                1
   Sticks to Snakes                   Transmutation                2
   Spider Form                        Transmutation/Poison         3
   Ice Form                           Ice/Transmutation            4
   Blade Hands                        Transmutation                5
 x - a book of the Tempests

   Spells                             Type                      Level
   Static Discharge                   Conjuration/Air              3
   Lightning Bolt                     Conjuration/Air              5
   Fireball                           Conjuration/Fire             5
   Tornado                            Air                          9
   Shatter                            Earth                        9
 E - a book of Maledictions

   Spells                             Type                      Level
   *Corona                            Hexes                        1
   Sure Blade                         Hexes/Charms                 2
   *Ensorcelled Hibernation           Hexes/Ice                    2
   *Confuse                           Hexes                        3
   Enslavement                        Hexes                        4
   *Invisibility                      Hexes                        6
 I - a book of Fire

   Spells                             Type                      Level
   Fire Brand                         Charms/Fire                  2
   Ignite Poison                      Fire/Transmutation           5
   Fireball                           Conjuration/Fire             5
   Bolt of Fire                       Conjuration/Fire             6
   Delayed Fireball                   Conjuration/Fire             7
   Ring of Flames                     Charms/Fire                  7
   Dithmengos disapproves of the use of such an item.
 J - a book of the Dragon

   Spells                             Type                      Level
   *Flight                            Charms/Air                   3
   Cause Fear                         Hexes                        4
   Bolt of Fire                       Conjuration/Fire             6
   Dragon Form                        Transmutation                7
   Summon Dragon                      Summoning                    9


   Skills:
 * Level 11.4 Short Blades
 - Level 1.1 Throwing
 - Level 3.0 Dodging
 * Level 16.0 Stealth
 + Level 9.7 Spellcasting
 + Level 9.4 Hexes


You had 12 spell levels left.
You knew the following spells:

 Your Spells              Type           Power        Failure   Level  Hunger
a - Corona                Hex            #####..      1%          1    None
b - Ensorcelled Hibernat  Hex/Ice        ###...       1%          2    None
c - Confuse               Hex            #####...     1%          3    None
d - Invisibility          Hex            #####...     34%         6    ######.
e - Flight                Chrm/Air       #.........   30%         3    None
f - Cure Poison           Pois           #.........   17%         2    None


Dungeon Overview and Level Annotations

Branches:
Dungeon (12/16)            Temple (1/1) D:6             Orc (0/4) D:9
   Lair (0/8) D:11

Altars:
Ashenzari
Cheibriados
Dithmengos
Elyvilon
Fedhas
Kikubaaqudgha
Makhleb
Nemelex Xobeh
Okawaru
Sif Muna
Trog
Vehumet
Xom
Yredelemnul
Zin
the Shining One
Beogh

Shops:
D:6 =   D:10 :

Annotations:
D:10 Joseph


Innate Abilities, Weirdness & Mutations

You are tiny and cannot use many weapons and most armour.
You have supernaturally acute eyesight.
You are a herbivore.
You cover ground extremely quickly.
You need consume almost no food.


Message History

Aiming: Confuse
Press: ? - help, Shift-Dir - straight line, f/p - hill giant
Aim: a hill giant, wielding a giant club (umbra)
The hill giant appears confused.
You hear the faint crackling of a melting archway, a long way away.
You open the door. 2 orcs and an orc warrior come into view.
Found a stone staircase leading down.
An orc comes into view. It is wielding an orcish mace.
There is an open door here.
The orc shouts!
You hear a bark!
The orc warrior misses you.
A hound comes into view.
Read which item? (? for menu, Esc to quit)
As you read the scroll of teleportation, it crumbles to dust.
You feel strangely unstable.
The orc warrior hits you from afar with a runed orcish glaive!
Ouch! That really hurt!
You die...

###########.......
+.C.......'....C§.
##.########.......
#.# #....... #.#
#....... #.#
#....... #.#
##+#####
###'########
#.@o........
#...o.......
#..o.......
#.o....h...
#..>.......
#.........
#........ #.......
####


You could see a hill giant (confused), an orc warrior, a hound and 3 orcs.

Vanquished Creatures
  An unseen horror (D:10)
  2 hill giants
  A cyclops (D:11)
  3 trolls
  A wyvern (D:10)
  A basilisk (D:11)
  2 hungry ghosts
  A wraith (D:10)
  A hill giant zombie (D:11)
  4 vampire mosquitoes (D:9)
  A hill giant skeleton (D:10)
  2 necrophages
  A hippogriff (D:8)
  A manticore (D:7)
  3 porcupines (D:11)
  A giant goldfish (D:6)
  2 sky beasts
  An ice beast (D:7)
  6 orc warriors
  A phantom (D:9)
  2 crocodiles (D:11)
  An ogre (D:10)
  8 centaurs
  2 water moccasins (D:11)
  14 big kobolds
  7 giant frogs
  An elf zombie (Ossuary)
  A giant slug (D:11)
  A gnoll sergeant (D:9)
  An agate snail (D:11)
  A yak zombie (D:7)
  A cyclops skeleton (D:12)
  9 killer bees (D:8)
  An electric eel (D:6)
  A troll skeleton (D:10)
  A jellyfish (D:6)
  16 crimson imps
  2 goliath beetles
  2 human zombies (Ossuary)
  A giant frog skeleton (D:10)
  A scorpion (D:5)
  Crazy Yiuf (D:7)
  A centaur skeleton (D:4)
  4 hounds
  2 jellies
  11 orc priests
  A big fish (D:6)
  2 iguanas
  3 orc wizards
  An orange rat (D:7)
  3 worker ants
  9 sheep (D:11)
  Ijyb (D:2)
  A big kobold zombie (Ossuary)
  An ogre skeleton (D:4)
  2 hound zombies
  Terence (D:3)
  4 mummies (Ossuary)
  6 gnolls (D:9)
  9 adders
  7 green rats
  5 worms
  2 adder zombies (Ossuary)
  An iguana skeleton (D:8)
  An adder skeleton (D:4)
  4 grey rats (D:7)
  3 giant eyeballs
  5 giant geckos
  An ooze (D:3)
  62 orcs
  2 ball pythons (D:3)
  8 giant cockroaches
  A gnoll zombie (Ossuary)
  18 hobgoblins
  15 jackals
  4 quokkas
  16 bats
  9 giant newts
  A giant spore (D:9)
  10 goblins
  A goblin skeleton (D:4)
  2 hobgoblin skeletons
  3 hobgoblin zombies
  23 kobolds
  2 orc skeletons
  2 orc zombies (Ossuary)
  2 quokka zombies (D:6)
  30 rats
  14 ballistomycetes
427 creatures vanquished.

Vanquished Creatures (others)
  2 giant spores
2 creatures vanquished.

Grand Total: 429 creatures vanquished

Notes
Turn   | Place    | Note
--------------------------------------------------------------
     0 | D:1      | Kae, the Spriggan Enchanter, began the quest for the Orb.
     0 | D:1      | Reached XP level 1. HP: 9/9 MP: 4/4
   528 | D:1      | Reached XP level 2. HP: 4/13 MP: 5/7
   753 | D:1      | Learned a level 2 spell: Ensorcelled Hibernation
   997 | D:1      | Reached skill level 4 in Stealth
  1252 | D:1      | Reached XP level 3. HP: 16/16 MP: 7/10
  1463 | D:2      | Noticed Ijyb
  1479 | D:2      | Killed Ijyb
  2108 | D:2      | Reached XP level 4. HP: 21/21 MP: 13/13
  2323 | D:3      | Learned a level 3 spell: Confuse
  2331 | D:3      | Reached skill level 5 in Stealth
  2896 | D:3      | Noticed Terence
  2903 | D:3      | Killed Terence
  2903 | D:3      | Reached XP level 5. HP: 24/24 MP: 11/16
  2931 | D:3      | Found a shimmering altar of Xom.
  3031 | D:3      | You fall through a shaft for 3 floors!
  3031 | D:6      | Found a staircase to the Ecumenical Temple.
  3037 | Temple   | Entered the Ecumenical Temple
  3421 | Temple   | Became a worshipper of Dithmengos
  3515 | D:6      | Noticed a sky beast
  3545 | D:5      | Entered Level 5 of the Dungeon
  3564 | D:5      | Reached skill level 6 in Stealth
  4150 | D:5      | Reached XP level 6. HP: 28/28 MP: 14/20
  4152 | D:5      | Paralysed by a giant eyeball for 2 turns
  4156 | D:5      | Paralysed by a giant eyeball for 4 turns
  4163 | D:5      | Paralysed by a giant eyeball for 2 turns
  4199 | D:5      | Noticed a sky beast
  4209 | D:5      | Killed a sky beast
  4209 | D:5      | Reached skill level 7 in Stealth
  5070 | D:5      | Reached skill level 5 in Short Blades
  5070 | D:5      | Reached skill level 5 in Hexes
  5070 | D:5      | Reached XP level 7. HP: 19/32 MP: 22/22
  5297 | D:4      | Reached skill level 8 in Stealth
  5654 | D:4      | Reached skill level 5 in Spellcasting
  5755 | D:4      | Acquired Dithmengos' first power
  6075 | D:6      | Found a sand-covered staircase.
  6082 | Ossuary  | Entered an ossuary
  6161 | Ossuary  | Reached XP level 8. HP: 23/36 MP: 21/24
  6414 | D:6      | Noticed an orc warrior
  6419 | D:6      | Reached skill level 9 in Stealth
  6425 | D:6      | Killed an orc warrior
  6530 | D:6      | Found a radiant altar of Vehumet.
  6531 | D:6      | Found a burning altar of Makhleb.
  6559 | D:6      | Found Juigom's Jewellery Boutique.
  6637 | D:6      | Noticed a giant goldfish
  6650 | D:6      | Killed a giant goldfish
  6771 | D:6      | Killed a sky beast
  6984 | D:7      | Reached skill level 10 in Stealth
  6994 | D:7      | Acquired Dithmengos' second power
  7161 | D:7      | Found a shattered altar of Ashenzari.
  7608 | D:7      | Noticed Crazy Yiuf
  7613 | D:7      | Killed Crazy Yiuf
  7703 | D:7      | Reached XP level 9. HP: 39/39 MP: 27/27
  7740 | D:7      | Found a blossoming altar of Fedhas.
  7902 | D:7      | Reached skill level 11 in Stealth
  7932 | D:7      | Acquired Dithmengos' third power
  8976 | D:8      | Reached skill level 12 in Stealth
  9503 | D:8      | Reached XP level 10. HP: 25/44 MP: 21/29
  9775 | D:8      | Reached skill level 13 in Stealth
  9841 | D:8      | Acquired Dithmengos' fourth power
 10799 | D:9      | Found a roughly hewn altar of Beogh.
 10801 | D:9      | Found a staircase to the Orcish Mines.
 10974 | D:9      | Reached skill level 14 in Stealth
 11505 | D:9      | Reached skill level 10 in Short Blades
 11754 | D:10     | Entered Level 10 of the Dungeon
 11795 | D:10     | Noticed an unseen horror
 11800 | D:10     | Killed an unseen horror
 12496 | D:10     | Reached skill level 15 in Stealth
 12512 | D:10     | Noticed Joseph
 12538 | D:10     | Reached XP level 11. HP: 19/47 MP: 9/31
 14180 | D:10     | Found Tiumo's Book Shop.
 14339 | D:10     | Noticed a hill giant
 14342 | D:10     | Killed a hill giant
 14593 | D:11     | Found a staircase to the Lair.
 14628 | D:11     | Learned a level 2 spell: Cure Poison
 14632 | D:11     | Learned a level 3 spell: Flight
 14805 | D:11     | Learned a level 6 spell: Invisibility
 16057 | D:12     | Noticed a hill giant
 16063 | D:12     | Noticed a hill giant
 16070 | D:12     | Killed a hill giant
 16070 | D:12     | Reached skill level 16 in Stealth
 16070 | D:12     | HP: 2/47 [cyclops/ large rock (24)]
 16106 | D:12     | Demolished by an orc warrior

Action                   |  1- 3 |  4- 6 |  7- 9 | 10-12 || total
-------------------------+-------+-------+-------+-------++-------
Melee: Dagger            |   162 |   322 |   483 |   423 ||  1390
Throw: Dart              |       |       |       |     1 ||     1
 Cast: Corona            |     5 |       |       |       ||     5
       Ensorcelled Hiber |     6 |    57 |   107 |   166 ||   336
       Confuse           |       |       |    10 |    47 ||    57
       Invisibility      |       |       |       |     3 ||     3
Invok: Shadow Step       |       |       |     1 |     8 ||     9
Evoke: Wand              |       |       |     5 |       ||     5
  Use: Scroll            |       |    11 |    12 |     7 ||    30
       Potion            |       |     1 |     9 |     4 ||    14
 Stab: Sleeping          |    14 |    35 |   116 |   123 ||   288
       Invisible         |       |       |     4 |       ||     4
       Confused          |       |       |     3 |    15 ||    18
       Distracted        |       |       |     1 |     6 ||     7
